Map: Orbital Shipyard

Players

sOs - Winner!

  • Race: Protoss Protoss

MinChul (MC)

  • Race: Protoss Protoss

Event: IEM Season 10 - Taipei

VOD

Have the link to the VOD?

Description

Time

  • Played on: Jan. 31, 2016, 11:42 p.m.
  • Length: 7:55

All games in this series

Show
View Real Time Build Order
Export as new Build Order

sOs Protoss - Winner!

Build Orders: 1 Gate Expand 

Get SALT Encoding   

  12  0:00  Probe (Chrono Boost)  
  13  0:11  Probe (Chrono Boost)  
  14  0:17  Pylon  
  14  0:21  Probe (Chrono Boost)  
  15  0:35  Probe (Chrono Boost)  
  16  0:39  Gateway  
  16  0:45  Assimilator  
  16  0:46  Probe (Chrono Boost)  
  17  0:56  Probe (Chrono Boost)  
  18  1:07  Probe (Chrono Boost)  
  19  1:18  Nexus  
  19  1:21  Probe (Chrono Boost)  
  20  1:31  Cybernetics Core  
  20  1:34  Probe (Chrono Boost)  
  21  1:40  Assimilator  
  21  1:45  Probe (Chrono Boost)  
  22  1:49  Pylon  
  22  1:55  Probe (Chrono Boost)  
  22  1:58  Warp Gate  
  23  2:07  Stalker (Chrono Boost), Probe (Chrono Boost)  
  26  2:21  Mothership Core (Chrono Boost)  
  28  2:30  Probe (Chrono Boost)  
  28  2:35  Stalker (Chrono Boost)  
  28  2:36  Gateway  
  31  2:43  Pylon  
  31  2:44  Probe (Chrono Boost)  
  32  2:46  Probe (Chrono Boost)  
  33  3:03  Stalker (Chrono Boost)  
  35  3:09  Gateway  
  35  3:14  Mothership Core  
  35  3:31  Stalker (Chrono Boost)  
  35  3:32  Stalker (Chrono Boost)  
  39  3:36  Pylon  
  39  3:43  Robotics Facility  
  36  4:07  Stalker x3  
  40  4:15  Probe x2  
  42  4:20  Gateway  
  42  4:29  Sentry  
  44  4:45  Immortal (Chrono Boost)  
  42  4:47  Zealot  
  42  4:48  Zealot  
  46  4:57  Probe x2  
  46  4:59  Assimilator  
  48  5:01  Sentry  
  48  5:09  Zealot  
  48  5:10  Zealot  
  50  5:23  Immortal (Chrono Boost)  
  48  5:29  Zealot x2  
  48  5:30  Zealot  
  54  5:36  Pylon  
  54  5:38  Pylon  
  52  5:50  Sentry  
  52  5:52  Probe x2  
  52  5:54  Sentry  
  54  6:00  Observer (Chrono Boost)  
  55  6:05  Assimilator  
  55  6:06  Gateway  
  55  6:10  Adept x2  
  58  6:19  Probe (Chrono Boost)  
  58  6:20  Probe (Chrono Boost)  
  58  6:29  Sentry  
  62  6:33  Probe x2 (Chrono Boost)  
  62  6:43  Probe x2 (Chrono Boost)  
  62  6:44  Adept x2  
  67  6:53  Pylon  
  67  6:57  Probe x2 (Chrono Boost)  
  69  7:07  Twilight Council  
  69  7:08  Probe x2 (Chrono Boost)  
  67  7:12  Stalker x2  
  71  7:16  Adept  
  71  7:19  Adept  
  71  7:21  Pylon  
  75  7:26  Probe x2 (Chrono Boost)  
  71  7:37  Probe x2 (Chrono Boost)  
Show
View Real Time Build Order
Export as new Build Order

MinChul Protoss 

Build Orders:  

Get SALT Encoding   

  12  0:00  Probe (Chrono Boost)  
  13  0:11  Probe (Chrono Boost)  
  14  0:19  Pylon  
  14  0:22  Probe (Chrono Boost)  
  15  0:37  Probe (Chrono Boost)  
  15  0:41  Gateway  
  16  0:46  Assimilator  
  16  0:47  Probe (Chrono Boost)  
  17  0:54  Assimilator  
  17  0:58  Probe (Chrono Boost)  
  18  1:08  Probe (Chrono Boost)  
  18  1:09  Gateway  
  19  1:19  Probe (Chrono Boost)  
  20  1:28  Cybernetics Core  
  20  1:30  Probe (Chrono Boost)  
  21  1:38  Pylon  
  21  1:41  Probe (Chrono Boost)  
  22  1:52  Probe (Chrono Boost)  
  23  2:04  Mothership Core (Chrono Boost), Stalker (Chrono Boost)  
  27  2:10  Stalker (Chrono Boost)  
  27  2:13  Warp Gate (Chrono Boost)  
  29  2:23  Pylon  
  29  2:27  Pylon  
  29  2:32  Pylon  
  29  2:48  Stalker x2  
  33  3:04  Pylon  
  33  3:26  Stalker x2  
  35  3:31  Gateway  
  35  3:34  Gateway  
  35  3:36  Pylon  
  33  4:06  Stalker x2  
  33  4:25  Pylon x2, Stalker  
  33  4:28  Stalker  
  33  4:29  Stalker  
  34  4:39  Stalker  
  32  4:48  Stalker  
  32  4:54  Stalker  
  34  5:01  Zealot  
  34  5:06  Adept  
  38  5:13  Sentry  
  40  5:21  Stalker  
  36  5:22  Sentry  
  34  5:29  Stalker  
  36  5:36  Adept  
  38  5:48  Sentry  
  38  5:49  Adept  
  42  5:53  Stalker  
  44  6:06  Stalker  
  46  6:23  Pylon  
  44  6:42  Adept x4  
  50  6:54  Pylon  
  48  7:05  Adept x3  
  52  7:10  Adept  
  50  7:33  Stalker  
  50  7:34  Stalker x2  
  50  7:38  Stalker  

Tags
 
Add a new tag
Caveats
  • Supply blocks, unpowered buildings, or Contaminate may cause inaccurate times.
  • Supply counts are checked every 10 seconds.